 Dungeon Crawl Stone Soup version 0.24.0 (webtiles) character file.

Game seed: 3755495288407479040, levelgen mode: deterministic

79 MisterOstroum the Charlatan (level 4, 36/36 HPs)
             Began as a Demonspawn Artificer on Oct 25, 2019.
             Was an Initiate of Ru.
             Quit the game on level 4 of the Dungeon.
             The game lasted 00:13:36 (3495 turns).

MisterOstroum the Charlatan (Demonspawn Artificer)  Turns: 3495, Time: 00:13:36

Health: 36/36      AC:  6    Str: 16    XL:     4   Next: 17%
Magic:  6/6        EV: 12    Int: 12    God:    Ru [......]
Gold:   271        SH:  0    Dex: 14    Spells: 3/3 levels left

rFire    . . .     SeeInvis .   a - +0 spear
rCold    . . .     Gourm    .   (no shield)
rNeg     . . .     Faith    .   k - +0 leather armour
rPois    .         Spirit   .   p - +0 helmet
rElec    .         Reflect  .   (no cloak)
rCorr    .         Harm     .   o - +0 pair of gloves
MR       .....                  (no boots)
Stlth    ++........             n - amulet of magic regeneration
HPRegen  0.12/turn              m - ring of wizardry
MPRegen  0.35/turn              q - +3 ring of strength

@: no status effects
A: rugged brown scales 1, spiny 1
a: Renounce Religion


You were on level 4 of the Dungeon.
You worshipped Ru.
Ru was noncommittal.
You were not hungry.

You visited 1 branch of the dungeon, and saw 4 of its levels.

You collected 271 gold pieces.

Inventory:

Hand Weapons
 a - a +0 spear (weapon)
 b - a +0 hunting sling
 t - a +0 falchion
 x - a +0 dagger
Missiles
 i - 103 stones (quivered)
Armour
 j - a +0 chain mail
 k - a +0 leather armour (worn)
 o - a +0 pair of gloves (worn)
 p - a +0 helmet (worn)
 u - a +3 leather armour
Jewellery
 m - a ring of wizardry (left hand)
 n - an amulet of magic regeneration (around neck)
 q - a +3 ring of strength (right hand)
Wands
 c - a wand of flame (15)
 d - a wand of enslavement (15)
 f - a wand of random effects (15)
Scrolls
 g - 2 scrolls of teleportation {unknown}
 h - a scroll of identify {@r1}
 l - 3 scrolls of remove curse {@r2}
Potions
 s - 3 potions of curing {@q1 !q}
 v - a potion of magic
 w - 2 potions of heal wounds
Comestibles
 e - 5 rations


   Skills:
 - Level 3.0 Fighting
 - Level 0.8 Short Blades
 + Level 0.2 Polearms
 - Level 1.7 Dodging
 - Level 2.0 Stealth
 - Level 3.5 Evocations


You had 3 spell levels left.
You didn't know any spells.
Your spell library was empty.

Dungeon Overview and Level Annotations

Branches:
Dungeon (4/15)
 Temple: D:4-7

Altars:
Dithmenos
Qazlal
Ru
Uskayaw


Innate Abilities, Weirdness & Mutations

You are partially covered in rugged brown scales. (AC +1, +3% HP)
You are partially covered in sharp spines.


Message History

A bat is nearby!
The bat is struck by your spines. The bat closely misses you.
Attack whom?
Press: ? - help, Dir - move target cursor, f - bat
Aim: a bat (severely wounded)
You reach to attack!
You hit the bat.
You kill the bat!
No target in view!
You butcher the bat corpse.
r - a chunk of flesh You see here a bat skeleton. x2
A quokka comes into view.
Attack whom?
Press: ? - help, Dir - move target cursor, f - quokka
Aim: a quokka You reach to attack!
You completely miss the quokka. You closely miss the quokka.
The quokka bites you. The quokka barely misses you.
You hit the quokka.
You kill the quokka!
No target in view!
HP restored.
e - 5 rations (gained 1)
A worm comes into view.
You barely miss the worm. The worm closely misses you.
You hit the worm.
The worm is moderately wounded.
You completely miss the worm.
The worm is moderately wounded.
The worm barely misses you.
You hit the worm.
The worm is moderately wounded.
The worm is struck by your spines. The worm bites you.
You hit the worm.
The worm is severely wounded.
You hit the worm.
The worm is almost dead.
The worm misses you.
You hit the worm.
The worm is almost dead.
The worm barely misses you.
You barely miss the worm.
The worm is almost dead.
You hit the worm.
You kill the worm!
Training target 3.0 for Fighting reached!
Your Fighting skill increases to level 3!
No target in view!
You butcher the worm corpse.
r - 2 chunks of flesh (gained 1)
Found a ring mail.
Done exploring.
Done exploring.
You start putting on your armour.
You continue putting on your pair of gloves. x4
You finish putting on your +0 pair of gloves.
You see here a bat skeleton.
You see here a kobold corpse.
You see here a potion of degeneration.
You see here a leather armour.
There is a stone staircase leading up here.
There is an open door here.
Some of the chunks of flesh in your inventory have rotted away.
There is a stone staircase leading down here.
You climb downwards.
Found 7 gold pieces and a robe.
Found a stone staircase leading down.
There is a stone staircase leading up here.
You now have 234 gold pieces (gained 7).
Found an escape hatch in the ceiling.
Okay, then.
You now have 244 gold pieces (gained 10).
Found a whip.
Found a stormy altar of Qazlal.
A phantom comes into view.
Found 14 stones and 12 gold pieces.
Found 16 stones.
There is a shaft here.
A worker ant comes into view.
An orc and 2 orc wizards come into view.
The worker ant falls through a shaft!
The shaft crumbles and collapses.
Found 15 gold pieces.
Throwing (i - inventory)
i - 104 stones (quivered)
Press: ? - help, Shift-Dir - straight line, f - orc
Aim: an orc, wielding a +0 war axe and wearing a +0 leather armour You throw a stone.
The stone hits the orc.
The orc is moderately wounded.
The orc falls through a shaft!
The shaft crumbles and collapses.
You now have 256 gold pieces (gained 12).
All of the chunks of flesh in your inventory have rotted away.
Found a stone staircase leading down.
You now have 271 gold pieces (gained 15).
Welcome back, MisterOstroum the Demonspawn Artificer.
Ru says: Cut away your false body!
Press ? for a list of commands and other information.
Saving game... please wait.
Welcome back, MisterOstroum the Demonspawn Artificer.
Ru says: Cut away your false body!
Press ? for a list of commands and other information.
An ogre comes into view. It is wielding a +0 giant club.
Found a leather armour.
Are you sure you want to abandon this character and quit the game? (Confirm with "yes".)

.. ≈#§^(..(#.......##..#
.#.###..≈^§^.####........
....≈≈^.≈........<.##. ..
......._(..........# ...
..^≈≈≈.....^^....####...>
..§§≈#^.≈^#^≈............
..##^...#§#^............
. #^^..^#.#.............
...≈.(.≈^.≈##..@........
....^.......##...........
.........................
............#............
...................##....
...................# ....
.....O...## ...
....[.....


You could see an ogre.

Vanquished Creatures
  4 worms
  4 dart slugs
  A leopard gecko (D:2)
  An orc (D:3)
  A ball python (D:2)
  A giant cockroach (D:2)
  2 goblins (D:1)
  6 hobgoblins
  4 jackals (D:1)
  10 kobolds
  2 quokkas (D:3)
  10 bats
  A frilled lizard (D:1)
  9 rats
56 creatures vanquished.

Notes
Turn   | Place    | Note
-------+----------+-------------------------------------------
     0 | D:1      | MisterOstroum the Demonspawn Artificer began the quest for
                  | the Orb.
     0 | D:1      | Reached XP level 1. HP: 15/15 MP: 3/3
    30 | D:1      | Reached skill level 1 in Stealth
   144 | D:1      | Gained mutation: You are partially covered in sharp spines.
                  | [demonic ancestry]
   144 | D:1      | Reached XP level 2. HP: 14/21 MP: 4/4
   862 | D:1      | Gained mutation: You are partially covered in rugged brown
                  | scales. (AC +1, +3% HP) [demonic ancestry]
   862 | D:1      | Reached XP level 3. HP: 18/27 MP: 5/5
  1763 | D:2      | Found a sacrificial altar of Ru.
  1772 | D:2      | Became a worshipper of Ru the Awakened
  2216 | D:3      | Found a shadowy altar of Dithmenos.
  2404 | D:3      | Reached XP level 4. HP: 35/35 MP: 6/6
  2622 | D:3      | Found a hide-covered altar of Uskayaw.
  3463 | D:4      | Found a stormy altar of Qazlal.
  3465 | D:4      | Noticed a phantom
  3494 | D:4      | Noticed an ogre
  3495 | D:4      | Quit the game

Levels and vault maps discovered:
D:1:      dpeg_arrival_tiny_i, layout_basic
D:2:      layout_basic, nicolae_ru_path_of_blood
D:3:      layout_basic, overflow_temple_1_default,
          nicolae_overflow_hidden_temple
D:4:      layout_cave_pools, grunt_qazlal_sundering, first_ration
